 Dungeon Crawl Stone Soup version 0.29-a0-791-ga0f254aafb (webtiles) character file.

Game seed: 4192145056113862864

207 Malachi the Cutter (level 5, -2/38 HPs)
             Began as a Demonspawn Brigand on July 3, 2022.
             Slain by a gnoll
             ... wielding a +0 spear
             ... led by a bouda
              (10 damage)
             ... on level 4 of the Dungeon.
             The game lasted 00:04:46 (4254 turns).

Malachi the Cutter (Demonspawn Brigand)             Turns: 4254, Time: 00:04:47

Health: -2/38      AC:  3    Str: 11    XL:     5   Next: 54%
Magic:  5/5        EV: 11    Int: 13    God:
Gold:   255        SH:  5    Dex: 16    Spells: 4/4 levels left

rFire   + . .      SeeInvis .   a - +3 dagger
rCold   . . .      Faith    .   (no shield)
rNeg    . . .      Spirit   .   b - +0 robe
rPois   .          Reflect  +   (no helmet)
rElec   .          Harm     .   j - +0 cloak
rCorr   +          Rampage  .   (no gloves)
Will    .....                   (no boots)
Stlth   +++.......              l - amulet of reflection
HPRegen 0.12/turn               f - ring of resist corrosion
MPRegen 0.09/turn               t - ring of protection from fire

@: weakened
A: weakness stinger 1
a: no special abilities


You were on level 4 of the Dungeon.
You visited 1 branch of the dungeon, and saw 4 of its levels.

You collected 255 gold pieces.

Inventory:

Hand Weapons
 a - a +3 dagger (weapon)
Missiles
 d - 21 poisoned darts (quivered)
 e - 3 curare-tipped darts
Armour
 b - a +0 robe (worn)
 j - a +0 cloak (worn)
 n - an orb of guile
Jewellery
 f - a ring of resist corrosion (left hand)
 l - an amulet of reflection (around neck)
 t - a ring of protection from fire (right hand)
Wands
 h - a wand of quicksilver (5)
 m - a wand of digging (6)
Scrolls
 s - a scroll of magic mapping
Potions
 c - a potion of heal wounds
 g - 3 potions of haste
 i - a potion of brilliance
 k - 2 potions of lignification {unknown}
 o - a potion of invisibility {unknown}
 p - 2 potions of might {unknown}
 q - 3 potions of attraction {unknown}
 u - a potion of magic {unknown}


   Skills:
 - Level 2.0 Fighting
 + Level 5.3 Short Blades
 - Level 1.7 Throwing
 - Level 0.8 Dodging
 - Level 3.6 Stealth
 - Level 0.1 Evocations


You had 4 spell levels left.
You didn't know any spells.
Your spell library contained the following spells:

 Spells                   Type           Power      Damage    Failure   Level
 Summon Small Mammal      Summ           0%         N/A       30%         1
 Static Discharge         Conj/Air       0%         3-3/arc   43%         2
 Call Canine Familiar     Summ           0%         N/A       67%         3
 Confusing Touch          Hex            0%         N/A       67%         3
 Summon Guardian Golem    Hex/Summ       0%         N/A       67%         3
 Lightning Bolt           Conj/Air       0%         1d11      100%        5
 Yara's Violent Unravell  Hex/Tmut       0%         3d3       100%        5
 Enfeeble                 Hex            0%         N/A       100%        7
 Maxwell's Capacitive Co  Air            0%         ∞         100%        8


Dungeon Overview and Level Annotations

Branches:
Dungeon (4/15)
 Temple: D:4-7

Altars:


Innate Abilities, Weirdness & Mutations

You have a small tail.


Message History

Unknown command.
You closely miss the ball python. The ball python bites you.
The ball python constricts you.
You closely miss the ball python. You tail-slap the ball python.
The ball python is heavily wounded.
You block the ball python's attack. The ball python constricts you.
You hit the ball python.
You kill the ball python!
You barely miss the bouda.
Your tail-slap misses the bouda.
You hit the bouda.
The bouda is lightly wounded.
The bouda barks out a call to the hunt!
The gnoll picks up the pace!
The kobold barely misses you. The gnoll barely misses you.
You hit the bouda.
Your tail-slap misses the bouda.
The bouda is moderately wounded.
The kobold hits you with a +0 short sword.
The bouda closely misses you. The gnoll misses you.
You hit the bouda.
The bouda is moderately wounded.
The bouda barks out a call to the hunt!
The kobold hits you with a +0 short sword.
You hit the bouda.
The bouda is heavily wounded.
The gnoll hits you with a +0 club.
You closely miss the bouda.
You tail-slap the bouda, but do no damage.
The bouda is heavily wounded.
The bouda hits you with a +0 whip! The kobold barely misses you.
You block the gnoll's attack.
You hit the bouda but do no damage.
The bouda is heavily wounded.
You block the kobold's attack. The bouda gazes fiercely through you!
You feel your attacks grow feeble. The bouda hits you with a +0 whip!
* * * LOW HITPOINT WARNING * * *
The gnoll closely misses you.
The gnoll hits you from afar with a +0 spear!
You die...

.........)gg....
#####.#....g......
..##.#..#.####..#
#.##.#..#....#.#.
#.##.#g..........
##....g..#.####.##
#.g##.#.##.# ..#
#gg#..#.##.# #.+
#@##.##..... #K##.
...... .....
.......
##...........#
#............
#..... .......
#.....#.


You could see a bouda, 2 gnolls and a kobold.

Vanquished Creatures
  A phantom (D:2)
  Jessica (D:3)
  A gnoll (D:3)
  2 adders
  2 worms
  3 dart slugs
  An orc (D:3)
  6 bats
  5 endoplasms
  2 giant cockroaches
  6 goblins
  7 hobgoblins
  7 quokkas
  9 ball pythons
  2 frilled lizards (D:3)
  6 kobolds
  4 rats
65 creatures vanquished.

Notes
Turn   | Place    | Note
-------+----------+-------------------------------------------
     0 | D:1      | Malachi the Demonspawn Brigand began the quest for the Orb.
     0 | D:1      | Reached XP level 1. HP: 16/16 MP: 1/1
    66 | D:1      | Reached skill level 2 in Short Blades
   243 | D:1      | Gained mutation: You have a small tail. [demonic ancestry]
   243 | D:1      | Reached XP level 2. HP: 22/22 MP: 2/2
   762 | D:1      | Found a faded altar of an unknown god.
   873 | D:1      | Reached skill level 3 in Short Blades
  1217 | D:2      | Reached XP level 3. HP: 27/27 MP: 3/3
  1851 | D:3      | Noticed a phantom
  2366 | D:2      | Killed a phantom
  2367 | D:2      | Reached skill level 4 in Short Blades
  2367 | D:2      | Reached XP level 4. HP: 22/33 MP: 4/4
  2586 | D:3      | Reached XP level 5. HP: 32/38 MP: 5/5
  3374 | D:3      | Reached skill level 5 in Short Blades
  3521 | D:3      | Noticed Jessica
  3533 | D:3      | Killed Jessica
  4254 | D:4      | Slain by a gnoll

Illustrated notes

Levels and vault maps discovered:
D:1:      dpeg_arrival_shelter, layout_loops_cross,
          hellmonk_ecumenical_altar_inner_sanctum
D:2:      layout_rooms, amethyst_killhole, serial_bayou_pond_d
D:3:      layout_basic, zin_treasury, corexii_corridor_pit, minmay_liquid_box,
          st_stairs_5, nrook_campfire, uniq_jessica
D:4:      layout_basic, minmay_temple_entry_drinking_statues,
          minmay_misc_feat_iff, minmay_misc_feat_doors, minivault_19

Skill      XL: |  1  2  3  4  5 |
---------------+----------------+-----
Short Blades   | 2 3 4 5 |  5.3
Fighting       | |  2.0
Throwing       | |  1.7
Dodging        | |  0.8
Stealth        | |  3.6
Evocations     | |  0.1

Action                   |  1- 3 |  4- 6 || total
-------------------------+-------+-------++-------
Melee: Dagger            |   117 |    96 ||   213
       Tailslap          |     8 |    10 ||    18
       Punch             |     1 |       ||     1
Evoke: Wand              |     2 |       ||     2
  Use: Scroll            |     1 |     8 ||     9
 Stab: Sleeping          |     9 |     4 ||    13
Armor: Robe              |    25 |    22 ||    47
Dodge: Dodged            |    64 |    45 ||   109
Block: Other             |       |     4 ||     4

Table legend: (Time is in decaauts)
 A = Elapsed time spent in this place.
 B = Non-inter-level travel time spent in this place.
 C = Inter-level travel time spent in this place.
 D = Time resting spent in this place.
 E = Time spent auto-exploring this place.
 F = Levels seen in this place.
 G = Mean time per level.
                   A        B        C        D        E       F      G
               +--------+--------+--------+--------+--------+-----+--------+
         Total |   4215 |   4121 |     94 |   1397 |   2104 |   4 | 1053.8 |
       Dungeon |   4215 |   4121 |     94 |   1397 |   2104 |   4 | 1053.8 |
               +--------+--------+--------+--------+--------+-----+--------+

Top non-repeatable levels by time:
     D:3: 2193 daAuts
     D:1: 1127 daAuts
     D:2: 834 daAuts
     D:4: 60 daAuts
